Blackhawks vs Stars

Created - April 18, 2022 at 20:12

Goals
1 2 3 OT1 SO T
Blackhawks 2 0 0 0 1 2
Stars 0 2 0 0 2 3
Shots
1 2 3 OT1 SO T
Blackhawks 5 8 4 5 4 22
Stars 12 17 9 0 4 38

1st period

1. Blackhawks , James Wright 10 (Alexander Frolov 7) at 14:14
2. Blackhawks , Jakob Silfverberg 20 (Jamie McBain 35, Johnny Gaudreau 40) at 18:26 (PP)

Penalties :
Calvin de Haan (Chi) for Hooking (Minor) at 12:04, Andrew Ladd (Dal) for Hooking (Minor) at 17:56, Jakob Silfverberg (Chi) for Diving (Minor) at 18:50

2nd period

3. Stars , John Tavares 39 (Michael Grabner 31) at 8:32
4. Stars , Michael Grabner 21 (John Tavares 49, Brian Lee 19) at 14:15 (PP)

Penalties :
Jamie McBain (Chi) for Elbowing (Minor) at 4:29, Cory Emmerton (Dal) for Interference (Minor) at 9:53, Shane O'Brien (Chi) for Hooking (Minor) at 13:44

3rd period

No Goal

Penalties :
Brian Lee (Dal) for Delaying the game (Minor) at 0:18

Overtime #1

No Goal

Penalties :
No Penalty

Shootout

Blackhawks, Johnny Gaudreau - Shot Hit the Post
Stars, John Tavares - Stopped by Tuukka Rask
Blackhawks, Antoine Roussel - Shot Misses the Net
Stars, Guillaume Latendresse - Goal!
Blackhawks, Jordan Staal - Goal!
Stars, Michael Grabner - Stopped by Tuukka Rask
Blackhawks, Jakob Silfverberg - Shot Misses the Net
Stars, Alex Chiasson - Goal!

Penalties :
No Penalty

Goalie Stats

Tuukka Rask (Chi), 36 saves from 38 shots - (0.947), OTL, 18-15-8, 65:00 minutes
Matt Murray (Dal), 20 saves from 22 shots - (0.909), W, 22-20-3, 65:00 minutes

Players Stats for Blackhawks

Player Name              G  A  P  +/- PIM S  H  SB GA TA FO     MP     PP MP  PK MP  
------------------------------------------------------------------------------------
Alexander Frolov         0  1  1   1  0   2  0  1  0  1  0/0    14:51   0:00   0:46 
Antoine Roussel          0  0  0  -1  0   3  2  1  0  1  2/3    21:49   1:35   3:47 
Blake Wheeler            0  0  0   1  0   1  0  1  0  0  2/3    14:44   0:00   0:00 
Brett Maclean            0  0  0   0  0   0  0  0  0  0  0/0     8:07   0:00   1:31 
Calvin de Haan           0  0  0   0  2   0  0  0  0  0  0/0    11:26   0:00   0:10 
Colby Armstrong          0  0  0   0  0   0  1  0  0  0  0/0     6:41   0:00   0:00 
Corey Perry              0  0  0  -1  0   2  0  0  0  0  0/0    14:25   1:35   0:00 
Jakob Silfverberg        1  0  1   0  2   4  1  1  0  0  0/2    23:05   2:53   1:10 
James Wright             1  0  1   1  0   4  1  0  0  0  1/4    13:40   0:00   0:00 
Jamie McBain             0  1  1   0  2   4  0  3  1  2  0/0    29:25   3:06   3:05 
Jay Bouwmeester          0  0  0   0  0   0  0  0  0  0  1/1     6:10   0:00   0:29 
Johnny Gaudreau          0  1  1   0  0   0  0  0  0  0  6/10   27:30   2:53   3:47 
Jordan Staal             0  0  0   0  0   0  2  0  0  0  18/26  23:29   2:53   1:55 
Matthew Spiller          0  0  0   0  0   0  0  0  0  0  0/0    12:23   0:00   0:51 
Nick Bonino              0  0  0  -1  0   0  1  1  0  0  11/13  14:21   1:35   0:00 
Radko Gudas              0  0  0   0  0   1  1  1  0  1  0/0    30:36   3:06   4:15 
Raphael Diaz             0  0  0   0  0   0  2  0  0  2  0/0    20:36   1:22   2:03 
Shane O'Brien            0  0  0   0  2   1  1  0  0  1  0/0    20:10   1:22   2:03 

Players Stats for Stars

Player Name              G  A  P  +/- PIM S  H  SB GA TA FO     MP     PP MP  PK MP  
------------------------------------------------------------------------------------
Alex Chiasson            0  0  0   0  0   3  1  0  0  0  0/0    15:40   2:46   0:00 
Andrej Sustr             0  0  0  -1  0   2  1  1  1  0  0/0    23:54   1:58   2:25 
Andrew Ladd              0  0  0   0  2   0  2  0  1  0  0/0    19:07   2:46   1:29 
Brian Lee                0  1  1   0  2   0  2  0  1  0  0/0    26:26   4:30   0:40 
Cam Atkinson             0  0  0   0  0   2  1  1  1  0  0/2    13:50   0:03   0:00 
Cory Emmerton            0  0  0   0  2   1  2  0  0  0  1/6    12:52   0:00   0:38 
Evgeny Grachev           0  0  0   0  0   0  1  0  1  0  3/11   18:14   2:46   0:53 
Evgeny Kuznetsov         0  0  0  -1  0   1  0  0  0  0  2/3     8:08   0:00   0:00 
Guillaume Latendresse    0  0  0   1  0   2  0  1  1  0  0/0    26:31   3:39   2:35 
Ian White                0  0  0   0  0   2  0  2  0  1  0/0    28:11   4:30   2:03 
John Tavares             1  1  2   1  0   8  1  2  1  0  15/37  26:52   3:42   2:41 
Jonathan Drouin          0  0  0  -1  0   3  0  0  0  0  0/0     4:47   0:03   0:40 
Michael Grabner          1  1  2   1  0   5  0  1  1  0  0/2    21:06   3:39   0:00 
Paul Ladue               0  0  0  -1  0   2  0  1  0  0  0/0    25:14   1:58   3:08 
Scott Kosmachuck         0  0  0  -1  0   3  0  0  0  0  0/1     8:07   0:00   0:00 
Tobias Rieder            0  0  0   0  0   1  0  0  0  0  0/0    12:07   0:00   0:00 
Tyler Wotherspoon        0  0  0   1  0   0  0  0  0  0  0/0    11:46   0:00   0:00 
Tyson Barrie             0  0  0   1  0   3  0  0  0  0  0/0    12:37   0:00   0:40 

3 Stars

1 - John Tavares (Dal)
2 - Michael Grabner (Dal)
3 - Tuukka Rask (Chi)

Power Play

Blackhawks - 1 on 3 Attempt(s) - 33.33%
Stars - 1 on 4 Attempt(s) - 25.00%

Penalty Kill

Blackhawks - 3 on 4 Attempt(s) - 75.00% - Score 0 goal in Penalty Kill
Stars - 2 on 3 Attempt(s) - 66.67% - Score 0 goal in Penalty Kill

Team Stat

Blackhawks - Hits : 12 - Faceoff Wins : 41 - Blocked Shots : 9 - Penalty Minutes : 8
Stars - Hits : 11 - Faceoff Wins : 21 - Blocked Shots : 9 - Penalty Minutes : 6

Official

Referees : Justin St. Pierre and Kendrick Nicholson
Linesman : Vaughan Rody and Bryan Pancich

Game Notes

7:08 of 2nd period - Stars goal is going for a video replay. After video review, No Goal. The puck has entered the net after making contact with an attacking player’s stick that is above the height of the crossbar.
Jonathan Drouin is injured at 2:10 of 3rd period (Back Spasms)

Finance

Level 1 -- Attendance: 5675 (94.58%) -- Ticket Income $567,500
Level 2 -- Attendance: 5000 (100.00%) -- Ticket Income $300,000
Level 3 -- Attendance: 1819 (90.95%) -- Ticket Income $63,665
Level 4 -- Attendance: 3555 (88.88%) -- Ticket Income $88,875
Luxury Box -- Attendance: 916 (91.60%) -- Ticket Income $183,200
Game was played at the American Airlines Center.
Total Attendance: 16965 (94.25%)
Total Ticket Income: $1,203,240
Other Income: $180,486
Total Income: $1,383,726

Blackhawks

5 vs 5 Forward 
   Center                   Left Wing                Right Wing               Time % Phy DF OF 
 1 Jordan Staal             Johnny Gaudreau          Jakob Silfverberg        40     1   2  2  
 2 Nick Bonino              Antoine Roussel          Corey Perry              30     1   2  2  
 3 James Wright             Alexander Frolov         Blake Wheeler            20     1   2  2  
 4 Johnny Gaudreau          Brett Maclean            Colby Armstrong          10     1   2  2  

5 vs 5 Defense 
   Defense                  Defense                                           Time % Phy DF OF 
 1 Jamie McBain             Radko Gudas                                       40     1   2  2  
 2 Raphael Diaz             Shane O'Brien                                     30     1   2  2  
 3 Calvin de Haan           Matthew Spiller                                   20     1   2  2  
 4 Jay Bouwmeester          Jamie McBain                                      10     1   2  2  

PowerPlay Forward 
   Center                   Left Wing                Right Wing               Time % Phy DF OF 
 1 Jordan Staal             Johnny Gaudreau          Jakob Silfverberg        60     1   2  2  
 2 Nick Bonino              Antoine Roussel          Corey Perry              40     1   2  2  

PowerPlay Defense
   Defense                  Defense                                           Time % Phy DF OF 
 1 Jamie McBain             Radko Gudas                                       60     1   2  2  
 2 Raphael Diaz             Shane O'Brien                                     40     1   2  2  

Penalty Kill 4 Players Forward 
   Center                   Wing                     Time % Phy DF OF 
 1 Johnny Gaudreau          Antoine Roussel          60     1   2  2  
 2 Jordan Staal             Jakob Silfverberg        40     1   2  2  

Penalty Kill 4 Players Defense
   Defense                  Defense                  Time % Phy DF OF 
 1 Jamie McBain             Radko Gudas              60     1   2  2  
 2 Raphael Diaz             Shane O'Brien            40     1   2  2  

Penalty Kill - 3 Players Forward 
   Forward                                           Time % Phy DF OF 
 1 Johnny Gaudreau                                   60     1   2  2  
 2 Antoine Roussel                                   40     1   2  2  

Penalty Kill - 3 Players Defense
   Defense                  Defense                  Time % Phy DF OF 
 1 Jamie McBain             Radko Gudas              60     1   2  2  
 2 Raphael Diaz             Shane O'Brien            40     1   2  2  

4 vs 4 Forward 
   Center                   Wing                     Time % Phy DF OF 
 1 Johnny Gaudreau          Antoine Roussel          60     1   2  2  
 2 Jordan Staal             Jakob Silfverberg        40     1   2  2  

4 vs 4 Defense
   Defense                  Defense                  Time % Phy DF OF 
 1 Jamie McBain             Radko Gudas              60     1   2  2  
 2 Raphael Diaz             Shane O'Brien            40     1   2  2  

Last Minutes Offensive
   Center                   Left Wing                Right Wing               Defense                  Defense                  
   Jordan Staal             Johnny Gaudreau          Jakob Silfverberg        Jamie McBain             Radko Gudas              

Last Minutes Defensive
   Center                   Left Wing                Right Wing               Defense                  Defense                  
   Jordan Staal             Johnny Gaudreau          Jakob Silfverberg        Jamie McBain             Radko Gudas              

Goaltenders
Starting : Tuukka Rask              
Backup : Josh Harding             

Extra Forwards
Normal : Blake Wheeler, Alexander Frolov, Brett Maclean - PP : Blake Wheeler, Alexander Frolov - PK : Brett Maclean
Extra Defensemen
Normal : Calvin de Haan, Matthew Spiller, Jay Bouwmeester - PP : Calvin de Haan - PK : Matthew Spiller, Jay Bouwmeester
Penalty Shots
Johnny Gaudreau, Antoine Roussel, Jordan Staal, Jakob Silfverberg, Corey Perry

Scratches
Derek Roy (Healthy), Stefan Matteau (Healthy)

Stars

5 vs 5 Forward 
   Center                   Left Wing                Right Wing               Time % Phy DF OF 
 1 John Tavares             Guillaume Latendresse    Michael Grabner          40     1   2  2  
 2 Evgeny Grachev           Andrew Ladd              Alex Chiasson            30     1   2  2  
 3 Cory Emmerton            Tobias Rieder            Cam Atkinson             20     1   2  2  
 4 Evgeny Kuznetsov         Jonathan Drouin          Scott Kosmachuck         10     1   2  2  

5 vs 5 Defense 
   Defense                  Defense                                           Time % Phy DF OF 
 1 Ian White                Brian Lee                                         40     1   2  2  
 2 Andrej Sustr             Paul Ladue                                        30     1   2  2  
 3 Tyson Barrie             Tyler Wotherspoon                                 20     1   2  2  
 4 Ian White                Brian Lee                                         10     1   2  2  

PowerPlay Forward 
   Center                   Left Wing                Right Wing               Time % Phy DF OF 
 1 John Tavares             Guillaume Latendresse    Michael Grabner          60     0   2  3  
 2 Evgeny Grachev           Andrew Ladd              Alex Chiasson            40     0   2  3  

PowerPlay Defense
   Defense                  Defense                                           Time % Phy DF OF 
 1 Ian White                Brian Lee                                         60     0   2  3  
 2 Andrej Sustr             Paul Ladue                                        40     0   2  3  

Penalty Kill 4 Players Forward 
   Center                   Wing                     Time % Phy DF OF 
 1 John Tavares             Guillaume Latendresse    60     0   3  2  
 2 Evgeny Grachev           Andrew Ladd              40     0   3  2  

Penalty Kill 4 Players Defense
   Defense                  Defense                  Time % Phy DF OF 
 1 Ian White                Brian Lee                60     0   3  2  
 2 Andrej Sustr             Paul Ladue               40     0   3  2  

Penalty Kill - 3 Players Forward 
   Forward                                           Time % Phy DF OF 
 1 John Tavares                                      60     0   3  2  
 2 Evgeny Grachev                                    40     0   3  2  

Penalty Kill - 3 Players Defense
   Defense                  Defense                  Time % Phy DF OF 
 1 Ian White                Brian Lee                60     0   3  2  
 2 Andrej Sustr             Paul Ladue               40     0   3  2  

4 vs 4 Forward 
   Center                   Wing                     Time % Phy DF OF 
 1 John Tavares             Guillaume Latendresse    60     0   2  3  
 2 Evgeny Grachev           Andrew Ladd              40     0   2  3  

4 vs 4 Defense
   Defense                  Defense                  Time % Phy DF OF 
 1 Ian White                Brian Lee                60     1   2  2  
 2 Andrej Sustr             Paul Ladue               40     1   2  2  

Last Minutes Offensive
   Center                   Left Wing                Right Wing               Defense                  Defense                  
   John Tavares             Guillaume Latendresse    Michael Grabner          Ian White                Brian Lee                

Last Minutes Defensive
   Center                   Left Wing                Right Wing               Defense                  Defense                  
   John Tavares             Guillaume Latendresse    Michael Grabner          Ian White                Brian Lee                

Goaltenders
Starting : Matt Murray              
Backup : Braden Holtby            

Extra Forwards
Normal : Andrew Ladd, Evgeny Grachev, Cam Atkinson - PP : Andrew Ladd, Evgeny Grachev - PK : Andrew Ladd
Extra Defensemen
Normal : Paul Ladue, Tyson Barrie, Tyler Wotherspoon - PP : Paul Ladue - PK : Paul Ladue, Tyson Barrie
Penalty Shots
John Tavares, Guillaume Latendresse, Michael Grabner, Alex Chiasson, Andrew Ladd

Scratches
Boris Valabik (Right Hand Injury), Tyler Brenner (Healthy)

% Time on Ice - Blackhawks

Lines # - Real PCT - Wanted PCT - Time Play
Normal Forward
1 - 36% - 40% - 17:29
2 - 32% - 30% - 15:29
3 - 26% - 20% - 12:39
4 - 7% - 10% - 3:27
Normal Defense
1 - 40% - 40% - 19:36
2 - 32% - 30% - 15:40
3 - 20% - 20% - 9:46
4 - 8% - 10% - 4:02
PP Forward
1 - 65% - 60% - 2:53
2 - 35% - 40% - 1:35
PP Defense
1 - 69% - 60% - 3:06
2 - 31% - 40% - 1:22
PK Forward
1 - 70% - 60% - 4:33
2 - 30% - 40% - 1:55
PK Defense
1 - 68% - 60% - 4:25
2 - 32% - 40% - 2:03
PK3 Forward
1 - 0% - 60%
2 - 0% - 40%
PK3 Defense
1 - 0% - 60%
2 - 0% - 40%
44 Forward
1 - 71% - 60% - 3:34
2 - 29% - 40% - 1:26
44 Defense
1 - 56% - 60% - 2:48
2 - 44% - 40% - 2:12
Last Minute Offensive  - 0:00
Last Minute Defensive  - 0:00
Total
Forward - 65:00
Defense - 65:00

% Time on Ice - Stars

Lines # - Real PCT - Wanted PCT - Time Play
Normal Forward
1 - 37% - 40% - 18:12
2 - 27% - 30% - 13:27
3 - 18% - 20% - 8:38
4 - 18% - 10% - 8:47
Normal Defense
1 - 41% - 40% - 20:08
2 - 33% - 30% - 16:26
3 - 21% - 20% - 10:28
4 - 4% - 10% - 2:02
PP Forward
1 - 57% - 60% - 3:42
2 - 43% - 40% - 2:46
PP Defense
1 - 70% - 60% - 4:30
2 - 30% - 40% - 1:58
PK Forward
1 - 82% - 60% - 3:41
2 - 18% - 40% - 0:47
PK Defense
1 - 46% - 60% - 2:03
2 - 54% - 40% - 2:25
PK3 Forward
1 - 0% - 60%
2 - 0% - 40%
PK3 Defense
1 - 0% - 60%
2 - 0% - 40%
44 Forward
1 - 87% - 60% - 4:21
2 - 13% - 40% - 0:39
44 Defense
1 - 53% - 60% - 2:40
2 - 47% - 40% - 2:20
Last Minute Offensive  - 0:00
Last Minute Defensive  - 0:00
Total
Forward - 65:00
Defense - 65:00

Play-by-Play

1st period


0:01 of 1st period - Jordan Staal wins face-off versus John Tavares in neutral zone.
1:14 of 1st period - Snap shot by Evgeny Kuznetsov.
1:14 of 1st period - Shot Misses the Net.
1:16 of 1st period - Snap shot by Jonathan Drouin.
1:16 of 1st period - Shot Misses the Net.
1:18 of 1st period - Slapshot by Andrej Sustr.
1:18 of 1st period - Shot Misses the Net.
2:00 of 1st period - Snap shot by Alexander Frolov.
2:00 of 1st period - Shot Misses the Net.
2:02 of 1st period - Snap shot by James Wright.
2:02 of 1st period - Shot Misses the Net.
2:34 of 1st period - Slapshot by Scott Kosmachuck.
2:34 of 1st period - Stopped by Tuukka Rask with a rebound.
2:36 of 1st period - Slapshot by Brian Lee.
2:36 of 1st period - Shot Blocked by Antoine Roussel.
2:38 of 1st period - Wrist shot by Scott Kosmachuck.
2:38 of 1st period - Stopped by Tuukka Rask without a rebound.
2:39 of 1st period - Antoine Roussel wins face-off versus John Tavares in Blackhawks zone.
3:03 of 1st period - Jamie McBain is hit by Andrew Ladd and loses puck.
3:24 of 1st period - Slapshot by Cam Atkinson.
3:24 of 1st period - Stopped by Tuukka Rask without a rebound.
3:25 of 1st period - Jordan Staal wins face-off versus Cory Emmerton in Blackhawks zone.
3:30 of 1st period - Jamie McBain is hit by Cory Emmerton and loses puck.
4:41 of 1st period - Slapshot by Tobias Rieder.
4:41 of 1st period - Shot Blocked by Jakob Silfverberg.
4:43 of 1st period - Slapshot by Tyson Barrie.
4:43 of 1st period - Deflect By Jakob Silfverberg.
4:43 of 1st period - Stopped by Tuukka Rask with a rebound.
5:55 of 1st period - Wrist shot by Tobias Rieder.
5:55 of 1st period - Stopped by Tuukka Rask without a rebound.
5:56 of 1st period - Nick Bonino wins face-off versus John Tavares in Blackhawks zone.
6:07 of 1st period - Snap shot by Michael Grabner.
6:07 of 1st period - Shot Misses the Net.
6:23 of 1st period - Andrew Ladd is hit by James Wright and loses puck.
7:23 of 1st period - Raphael Diaz is hit by Andrew Ladd and loses puck.
8:35 of 1st period - Slapshot by Evgeny Grachev.
8:35 of 1st period - Shot Blocked by Blake Wheeler.
10:10 of 1st period - Calvin de Haan is hit by John Tavares and loses puck.
10:58 of 1st period - Icing by Blake Wheeler.
10:59 of 1st period - John Tavares wins face-off versus James Wright in Blackhawks zone.
11:37 of 1st period - Slapshot by Tyson Barrie.
11:37 of 1st period - Stopped by Tuukka Rask without a rebound.
11:38 of 1st period - Jordan Staal wins face-off versus John Tavares in Blackhawks zone.
11:40 of 1st period - Icing by Johnny Gaudreau.
11:41 of 1st period - John Tavares wins face-off versus Jordan Staal in Blackhawks zone.
11:50 of 1st period - Slapshot by Michael Grabner.
11:50 of 1st period - Shot Misses the Net.
11:58 of 1st period - Wrist shot by Guillaume Latendresse.
11:58 of 1st period - Deflect By John Tavares.
11:58 of 1st period - Stopped by Tuukka Rask with a rebound.
12:04 of 1st period - Minor Penalty to Calvin de Haan for Hooking.
12:05 of 1st period - John Tavares wins face-off versus Johnny Gaudreau in Blackhawks zone.
12:06 of 1st period - Snap shot by Michael Grabner.
12:06 of 1st period - Shot Blocked by Jamie McBain.
12:22 of 1st period - Snap shot by Michael Grabner.
12:22 of 1st period - Shot Blocked by Jamie McBain.
14:04 of 1st period - Penalty to Calvin de Haan is over, Calvin de Haan is back on ice.
14:14 of 1st period - Wrist shot by James Wright.
14:14 of 1st period - Goal by James Wright - Blackhawks : 1 - Stars : 0.
14:15 of 1st period - Evgeny Grachev wins face-off versus Jordan Staal in neutral zone.
14:42 of 1st period - Paul Ladue is hit by Raphael Diaz and loses puck.
14:53 of 1st period - Slapshot by Jonathan Drouin.
14:53 of 1st period - Stopped by Tuukka Rask without a rebound.
14:54 of 1st period - John Tavares wins face-off versus Jakob Silfverberg in Blackhawks zone.
14:57 of 1st period - Snap shot by Guillaume Latendresse.
14:57 of 1st period - Stopped by Tuukka Rask with a rebound.
15:28 of 1st period - Snap shot by Michael Grabner.
15:28 of 1st period - Stopped by Tuukka Rask with a rebound.
15:54 of 1st period - Wrist shot by Jamie McBain.
15:54 of 1st period - Deflect By Jakob Silfverberg.
15:54 of 1st period - Shot Misses the Net.
15:54 of 1st period - Puck is out of play.
15:55 of 1st period - Nick Bonino wins face-off versus Evgeny Grachev in Stars zone.
16:22 of 1st period - Alexander Frolov is hit by Cam Atkinson and loses puck.
16:36 of 1st period - Icing by Shane O'Brien.
16:37 of 1st period - Blake Wheeler wins face-off versus Evgeny Kuznetsov in Blackhawks zone.
16:41 of 1st period - Off-side.
16:42 of 1st period - Evgeny Kuznetsov wins face-off versus Jordan Staal in neutral zone.
16:47 of 1st period - Wrist shot by Jonathan Drouin.
16:47 of 1st period - Deflect By Evgeny Kuznetsov.
16:47 of 1st period - Stopped by Tuukka Rask with a rebound.
16:49 of 1st period - Wrist shot by Scott Kosmachuck.
16:49 of 1st period - Stopped by Tuukka Rask without a rebound.
16:50 of 1st period - Jordan Staal wins face-off versus John Tavares in Blackhawks zone.
17:00 of 1st period - John Tavares is hit by Jakob Silfverberg and loses puck.
17:23 of 1st period - Evgeny Grachev is hit by Nick Bonino and loses puck.
17:30 of 1st period - Snap shot by Corey Perry.
17:30 of 1st period - Shot Misses the Net.
17:44 of 1st period - Snap shot by James Wright.
17:44 of 1st period - Stopped by Matt Murray with a rebound.
17:56 of 1st period - Minor Penalty to Andrew Ladd for Hooking.
17:57 of 1st period - Jordan Staal wins face-off versus John Tavares in Stars zone.
17:58 of 1st period - Slapshot by Johnny Gaudreau.
17:58 of 1st period - Shot Hit the Post.
18:00 of 1st period - Wrist shot by Jakob Silfverberg.
18:00 of 1st period - Shot Misses the Net.
18:02 of 1st period - Slapshot by Jamie McBain.
18:02 of 1st period - Shot Misses the Net.
18:04 of 1st period - Slapshot by Jamie McBain.
18:04 of 1st period - Stopped by Matt Murray with a rebound.
18:06 of 1st period - Wrist shot by Jakob Silfverberg.
18:06 of 1st period - Stopped by Matt Murray without a rebound.
18:07 of 1st period - Jordan Staal wins face-off versus John Tavares in Stars zone.
18:14 of 1st period - Wrist shot by Jakob Silfverberg.
18:14 of 1st period - Shot Misses the Net.
18:16 of 1st period - Slapshot by Jordan Staal.
18:16 of 1st period - Shot Blocked by John Tavares.
18:18 of 1st period - Slapshot by Jamie McBain.
18:18 of 1st period - Shot Misses the Net.
18:22 of 1st period - Slapshot by Jakob Silfverberg.
18:22 of 1st period - Shot Blocked by Andrej Sustr.
18:24 of 1st period - Slapshot by Jamie McBain.
18:24 of 1st period - Shot Blocked by Guillaume Latendresse.
18:26 of 1st period - Snap shot by Jakob Silfverberg.
18:26 of 1st period - Goal by Jakob Silfverberg - Blackhawks : 2 - Stars : 0.
18:27 of 1st period - John Tavares wins face-off versus Jordan Staal in neutral zone.
18:34 of 1st period - Snap shot by Guillaume Latendresse.
18:34 of 1st period - Shot Hit the Post.
18:44 of 1st period - Snap shot by Guillaume Latendresse.
18:44 of 1st period - Shot Misses the Net.
18:50 of 1st period - Minor Penalty to Jakob Silfverberg for Diving.
18:51 of 1st period - John Tavares wins face-off versus Johnny Gaudreau in Blackhawks zone.
19:22 of 1st period - Johnny Gaudreau is hit by Evgeny Grachev.
Goals for this period are 2 for Blackhawks vs 0 for Stars.
Shots for this period are 5 for Blackhawks vs 12 for Stars.

2nd period


0:01 of 2nd period - Johnny Gaudreau wins face-off versus John Tavares in neutral zone.
0:50 of 2nd period - Penalty to Jakob Silfverberg is over, Jakob Silfverberg is back on ice.
0:54 of 2nd period - Slapshot by John Tavares.
0:54 of 2nd period - Stopped by Tuukka Rask with a rebound.
1:30 of 2nd period - Snap shot by Corey Perry.
1:30 of 2nd period - Stopped by Matt Murray with a rebound.
2:06 of 2nd period - Snap shot by Paul Ladue.
2:06 of 2nd period - Stopped by Tuukka Rask without a rebound.
2:07 of 2nd period - Cory Emmerton wins face-off versus James Wright in Blackhawks zone.
2:08 of 2nd period - Snap shot by Cam Atkinson.
2:08 of 2nd period - Shot Misses the Net.
2:11 of 2nd period - Icing by Radko Gudas.
2:12 of 2nd period - John Tavares wins face-off versus James Wright in Blackhawks zone.
2:23 of 2nd period - Snap shot by Alexander Frolov.
2:23 of 2nd period - Deflect By Blake Wheeler.
2:23 of 2nd period - Stopped by Matt Murray without a rebound.
2:24 of 2nd period - Jordan Staal wins face-off versus John Tavares in Stars zone.
2:35 of 2nd period - Wrist shot by Jakob Silfverberg.
2:35 of 2nd period - Stopped by Matt Murray without a rebound.
2:36 of 2nd period - Nick Bonino wins face-off versus John Tavares in Stars zone.
2:47 of 2nd period - Antoine Roussel is hit by Brian Lee.
3:16 of 2nd period - Snap shot by Alex Chiasson.
3:16 of 2nd period - Stopped by Tuukka Rask without a rebound.
3:17 of 2nd period - Nick Bonino wins face-off versus Cory Emmerton in Blackhawks zone.
3:22 of 2nd period - Snap shot by Raphael Diaz.
3:22 of 2nd period - Shot Blocked by Cam Atkinson.
4:29 of 2nd period - Minor Penalty to Jamie McBain for Elbowing.
4:30 of 2nd period - Johnny Gaudreau wins face-off versus John Tavares in Blackhawks zone.
5:42 of 2nd period - John Tavares is hit by Raphael Diaz and loses puck.
6:29 of 2nd period - Penalty to Jamie McBain is over, Jamie McBain is back on ice.
6:49 of 2nd period - Antoine Roussel is hit by Cory Emmerton and loses puck.
6:54 of 2nd period - Snap shot by Cam Atkinson.
6:54 of 2nd period - Stopped by Tuukka Rask without a rebound.
6:55 of 2nd period - Evgeny Kuznetsov wins face-off versus Jordan Staal in Blackhawks zone.
6:56 of 2nd period - Wrist shot by Jonathan Drouin.
6:56 of 2nd period - Stopped by Tuukka Rask without a rebound.
6:57 of 2nd period - Jordan Staal wins face-off versus Scott Kosmachuck in Blackhawks zone.
7:06 of 2nd period - Snap shot by Jonathan Drouin.
7:06 of 2nd period - Stopped by Tuukka Rask with a rebound.
7:08 of 2nd period - Slapshot by Tyson Barrie.
7:08 of 2nd period - Deflect By Jordan Staal.
7:08 of 2nd period - Stars goal is going for a video replay.
7:08 of 2nd period - The goal is refused. The puck has entered the net after making contact with an attacking player’s stick that is above the height of the crossbar..
7:09 of 2nd period - Jordan Staal wins face-off versus John Tavares in Blackhawks zone.
7:16 of 2nd period - John Tavares is hit by Jordan Staal and loses puck.
8:22 of 2nd period - Slapshot by Andrej Sustr.
8:22 of 2nd period - Stopped by Tuukka Rask without a rebound.
8:23 of 2nd period - John Tavares wins face-off versus Nick Bonino in Blackhawks zone.
8:26 of 2nd period - Snap shot by John Tavares.
8:26 of 2nd period - Stopped by Tuukka Rask without a rebound.
8:27 of 2nd period - Nick Bonino wins face-off versus John Tavares in Blackhawks zone.
8:32 of 2nd period - Snap shot by John Tavares.
8:32 of 2nd period - Goal by John Tavares - Blackhawks : 2 - Stars : 1.
8:33 of 2nd period - John Tavares wins face-off versus Jordan Staal in neutral zone.
8:33 of 2nd period - John Tavares is hit by Jordan Staal.
8:44 of 2nd period - Slapshot by Jamie McBain.
8:44 of 2nd period - Shot Misses the Net.
9:53 of 2nd period - Minor Penalty to Cory Emmerton for Interference.
9:54 of 2nd period - Jordan Staal wins face-off versus John Tavares in Stars zone.
10:00 of 2nd period - Snap shot by Jakob Silfverberg.
10:00 of 2nd period - Stopped by Matt Murray with a rebound.
10:02 of 2nd period - Backhand shot by Jordan Staal.
10:02 of 2nd period - Shot Misses the Net.
10:04 of 2nd period - Backhand shot by Jordan Staal.
10:04 of 2nd period - Shot Blocked by John Tavares.
10:06 of 2nd period - Wrist shot by Johnny Gaudreau.
10:06 of 2nd period - Deflect By Jordan Staal.
10:06 of 2nd period - Shot Misses the Net.
10:06 of 2nd period - Puck is out of play.
10:07 of 2nd period - Jordan Staal wins face-off versus John Tavares in Stars zone.
10:10 of 2nd period - Wrist shot by Johnny Gaudreau.
10:10 of 2nd period - Shot Misses the Net.
11:53 of 2nd period - Penalty to Cory Emmerton is over, Cory Emmerton is back on ice.
12:02 of 2nd period - Wrist shot by Tyler Wotherspoon.
12:02 of 2nd period - Shot Misses the Net.
12:53 of 2nd period - Off-side.
12:54 of 2nd period - Johnny Gaudreau wins face-off versus Cory Emmerton in neutral zone.
13:44 of 2nd period - Minor Penalty to Shane O'Brien for Hooking.
13:45 of 2nd period - Johnny Gaudreau wins face-off versus Michael Grabner in Blackhawks zone.
13:59 of 2nd period - Snap shot by Michael Grabner.
13:59 of 2nd period - Stopped by Tuukka Rask without a rebound.
14:00 of 2nd period - Johnny Gaudreau wins face-off versus John Tavares in Blackhawks zone.
14:13 of 2nd period - Backhand shot by Michael Grabner.
14:13 of 2nd period - Shot Misses the Net.
14:15 of 2nd period - Wrist shot by Michael Grabner.
14:15 of 2nd period - Goal by Michael Grabner - Blackhawks : 2 - Stars : 2.
14:16 of 2nd period - Jordan Staal wins face-off versus Michael Grabner in neutral zone.
14:45 of 2nd period - Slapshot by Jamie McBain.
14:45 of 2nd period - Deflect By Corey Perry.
14:45 of 2nd period - Shot Blocked by Ian White.
14:45 of 2nd period - Puck is out of play.
14:46 of 2nd period - Nick Bonino wins face-off versus Evgeny Grachev in Stars zone.
15:13 of 2nd period - Slapshot by Evgeny Grachev.
15:13 of 2nd period - Shot Misses the Net.
15:15 of 2nd period - Snap shot by Alex Chiasson.
15:15 of 2nd period - Shot Misses the Net.
15:17 of 2nd period - Snap shot by Evgeny Grachev.
15:17 of 2nd period - Shot Misses the Net.
15:19 of 2nd period - Snap shot by Evgeny Grachev.
15:19 of 2nd period - Deflect By Alex Chiasson.
15:19 of 2nd period - Stopped by Tuukka Rask without a rebound.
15:20 of 2nd period - John Tavares wins face-off versus Jordan Staal in Blackhawks zone.
15:23 of 2nd period - Slapshot by John Tavares.
15:23 of 2nd period - Shot Misses the Net.
15:54 of 2nd period - Snap shot by Cory Emmerton.
15:54 of 2nd period - Stopped by Tuukka Rask without a rebound.
15:55 of 2nd period - Nick Bonino wins face-off versus Evgeny Grachev in Blackhawks zone.
16:04 of 2nd period - Wrist shot by Antoine Roussel.
16:04 of 2nd period - Stopped by Matt Murray without a rebound.
16:05 of 2nd period - Nick Bonino wins face-off versus Evgeny Grachev in Stars zone.
16:24 of 2nd period - Backhand shot by Alex Chiasson.
16:24 of 2nd period - Shot Blocked by Nick Bonino.
16:26 of 2nd period - Slapshot by Ian White.
16:26 of 2nd period - Stopped by Tuukka Rask without a rebound.
16:27 of 2nd period - Jordan Staal wins face-off versus John Tavares in Blackhawks zone.
16:34 of 2nd period - Slapshot by Jamie McBain.
16:34 of 2nd period - Deflect By Johnny Gaudreau.
16:34 of 2nd period - Shot Blocked by Michael Grabner.
16:34 of 2nd period - Puck is out of play.
16:35 of 2nd period - Jordan Staal wins face-off versus John Tavares in Stars zone.
16:42 of 2nd period - Wrist shot by Jakob Silfverberg.
16:42 of 2nd period - Shot Misses the Net.
17:37 of 2nd period - Wrist shot by Jordan Staal.
17:37 of 2nd period - Shot Misses the Net.
18:47 of 2nd period - Snap shot by John Tavares.
18:47 of 2nd period - Stopped by Tuukka Rask without a rebound.
18:48 of 2nd period - Nick Bonino wins face-off versus Evgeny Grachev in Blackhawks zone.
18:58 of 2nd period - Icing by Ian White.
18:59 of 2nd period - Evgeny Grachev wins face-off versus Nick Bonino in Stars zone.
19:32 of 2nd period - Wrist shot by Alex Chiasson.
19:32 of 2nd period - Stopped by Tuukka Rask without a rebound.
19:33 of 2nd period - James Wright wins face-off versus Cory Emmerton in Blackhawks zone.
19:44 of 2nd period - Snap shot by James Wright.
19:44 of 2nd period - Stopped by Matt Murray without a rebound.
19:45 of 2nd period - Nick Bonino wins face-off versus Evgeny Grachev in Stars zone.
19:48 of 2nd period - Snap shot by Corey Perry.
19:48 of 2nd period - Stopped by Matt Murray without a rebound.
19:49 of 2nd period - Evgeny Grachev wins face-off versus Antoine Roussel in Stars zone.
19:49 of 2nd period - Evgeny Grachev is hit by Antoine Roussel.
19:59 of 2nd period - Snap shot by Antoine Roussel.
19:59 of 2nd period - Deflect By Brian Lee.
19:59 of 2nd period - Stopped by Matt Murray with a rebound.
Goals for this period are 0 for Blackhawks vs 2 for Stars.
Shots for this period are 8 for Blackhawks vs 17 for Stars.

3rd period


0:01 of 3rd period - Jordan Staal wins face-off versus John Tavares in neutral zone.
0:18 of 3rd period - Minor Penalty to Brian Lee for Delaying the game.
0:19 of 3rd period - John Tavares wins face-off versus Jordan Staal in Stars zone.
0:35 of 3rd period - Slapshot by Jakob Silfverberg.
0:35 of 3rd period - Shot Blocked by Paul Ladue.
0:49 of 3rd period - Wrist shot by Radko Gudas.
0:49 of 3rd period - Stopped by Matt Murray with a rebound.
1:57 of 3rd period - Icing by Jamie McBain.
1:58 of 3rd period - Jordan Staal wins face-off versus Cory Emmerton in Blackhawks zone.
2:09 of 3rd period - Jonathan Drouin is hit by Antoine Roussel and loses puck.
2:10 of 3rd period - Jonathan Drouin from Stars is injured at 2:10 of 3rd period (Back Spasms).
2:11 of 3rd period - John Tavares wins face-off versus Jakob Silfverberg in Stars zone.
2:18 of 3rd period - Penalty to Brian Lee is over, Brian Lee is back on ice.
2:42 of 3rd period - Wrist shot by Ian White.
2:42 of 3rd period - Stopped by Tuukka Rask without a rebound.
2:43 of 3rd period - Antoine Roussel wins face-off versus Evgeny Grachev in Blackhawks zone.
2:47 of 3rd period - Off-side.
2:48 of 3rd period - Nick Bonino wins face-off versus John Tavares in neutral zone.
2:53 of 3rd period - Slapshot by Shane O'Brien.
2:53 of 3rd period - Stopped by Matt Murray without a rebound.
2:54 of 3rd period - Jordan Staal wins face-off versus John Tavares in Stars zone.
4:15 of 3rd period - Wrist shot by Guillaume Latendresse.
4:15 of 3rd period - Shot Misses the Net.
4:17 of 3rd period - Snap shot by Andrej Sustr.
4:17 of 3rd period - Stopped by Tuukka Rask with a rebound.
5:07 of 3rd period - Andrej Sustr is hit by Radko Gudas.
5:38 of 3rd period - Snap shot by Michael Grabner.
5:38 of 3rd period - Stopped by Tuukka Rask with a rebound.
5:40 of 3rd period - Slapshot by Paul Ladue.
5:40 of 3rd period - Shot Misses the Net.
5:42 of 3rd period - Wrist shot by Michael Grabner.
5:42 of 3rd period - Stopped by Tuukka Rask with a rebound.
5:44 of 3rd period - Wrist shot by Guillaume Latendresse.
5:44 of 3rd period - Shot Misses the Net.
5:54 of 3rd period - Snap shot by Alexander Frolov.
5:54 of 3rd period - Stopped by Matt Murray with a rebound.
6:11 of 3rd period - Snap shot by Guillaume Latendresse.
6:11 of 3rd period - Shot Misses the Net.
6:13 of 3rd period - Slapshot by Paul Ladue.
6:13 of 3rd period - Shot Blocked by Radko Gudas.
6:15 of 3rd period - Snap shot by Michael Grabner.
6:15 of 3rd period - Shot Misses the Net.
6:17 of 3rd period - Snap shot by Guillaume Latendresse.
6:17 of 3rd period - Shot Misses the Net.
6:25 of 3rd period - Snap shot by John Tavares.
6:25 of 3rd period - Stopped by Tuukka Rask with a rebound.
6:27 of 3rd period - Slapshot by Andrej Sustr.
6:27 of 3rd period - Shot Blocked by Jamie McBain.
6:29 of 3rd period - Wrist shot by John Tavares.
6:29 of 3rd period - Stopped by Tuukka Rask with a rebound.
6:51 of 3rd period - Snap shot by Guillaume Latendresse.
6:51 of 3rd period - Stopped by Tuukka Rask with a rebound.
6:53 of 3rd period - Snap shot by Paul Ladue.
6:53 of 3rd period - Stopped by Tuukka Rask with a rebound.
6:55 of 3rd period - Snap shot by Guillaume Latendresse.
6:55 of 3rd period - Shot Misses the Net.
6:57 of 3rd period - Backhand shot by Andrej Sustr.
6:57 of 3rd period - Shot Blocked by Alexander Frolov.
6:59 of 3rd period - Slapshot by Paul Ladue.
6:59 of 3rd period - Shot Misses the Net.
7:01 of 3rd period - Snap shot by Guillaume Latendresse.
7:01 of 3rd period - Shot Misses the Net.
7:17 of 3rd period - Wrist shot by James Wright.
7:17 of 3rd period - Stopped by Matt Murray with a rebound.
7:37 of 3rd period - Snap shot by John Tavares.
7:37 of 3rd period - Shot Misses the Net.
8:11 of 3rd period - Snap shot by John Tavares.
8:11 of 3rd period - Stopped by Tuukka Rask without a rebound.
8:12 of 3rd period - Jordan Staal wins face-off versus Evgeny Grachev in Blackhawks zone.
8:17 of 3rd period - Slapshot by Raphael Diaz.
8:17 of 3rd period - Shot Misses the Net.
9:10 of 3rd period - Wrist shot by Corey Perry.
9:10 of 3rd period - Shot Misses the Net.
9:20 of 3rd period - Snap shot by Brett Maclean.
9:20 of 3rd period - Shot Misses the Net.
9:40 of 3rd period - Nick Bonino is hit by Brian Lee and loses puck.
11:01 of 3rd period - Jay Bouwmeester is hit by Alex Chiasson and loses puck.
13:29 of 3rd period - Icing by Johnny Gaudreau.
13:30 of 3rd period - Jay Bouwmeester wins face-off versus Cam Atkinson in Blackhawks zone.
15:40 of 3rd period - Evgeny Kuznetsov is hit by Colby Armstrong and loses puck.
19:53 of 3rd period - Corey Perry is hit by Andrej Sustr and loses puck.
Goals for this period are 0 for Blackhawks vs 0 for Stars.
Shots for this period are 4 for Blackhawks vs 9 for Stars.

Overtime #1


0:01 of 1st overtime period - Johnny Gaudreau wins face-off versus John Tavares in neutral zone.
0:04 of 1st overtime period - Wrist shot by Antoine Roussel.
0:04 of 1st overtime period - Stopped by Matt Murray without a rebound.
0:05 of 1st overtime period - John Tavares wins face-off versus Johnny Gaudreau in Stars zone.
0:49 of 1st overtime period - Wrist shot by Shane O'Brien.
0:49 of 1st overtime period - Shot Misses the Net.
1:15 of 1st overtime period - Slapshot by Jamie McBain.
1:15 of 1st overtime period - Stopped by Matt Murray with a rebound.
1:17 of 1st overtime period - Slapshot by Jamie McBain.
1:17 of 1st overtime period - Stopped by Matt Murray without a rebound.
1:18 of 1st overtime period - Blake Wheeler wins face-off versus Cam Atkinson in Stars zone.
1:34 of 1st overtime period - Snap shot by Alexander Frolov.
1:34 of 1st overtime period - Stopped by Matt Murray with a rebound.
2:24 of 1st overtime period - Off-side.
2:25 of 1st overtime period - John Tavares wins face-off versus Johnny Gaudreau in neutral zone.
3:22 of 1st overtime period - Slapshot by Jamie McBain.
3:22 of 1st overtime period - Stopped by Matt Murray without a rebound.
3:23 of 1st overtime period - John Tavares wins face-off versus Blake Wheeler in Stars zone.
3:50 of 1st overtime period - Wrist shot by Jordan Staal.
3:50 of 1st overtime period - Shot Blocked by Ian White.
4:34 of 1st overtime period - Ian White is hit by Shane O'Brien and loses puck.
Goals for this period are 0 for Blackhawks vs 0 for Stars.
Shots for this period are 5 for Blackhawks vs 0 for Stars.

ShootOut


5:00 of 1st overtime period - Round #1.
5:00 of 1st overtime period - Blackhawks, Johnny Gaudreau.
5:00 of 1st overtime period - Backhand shot by Johnny Gaudreau.
5:00 of 1st overtime period - Shot Hit the Post.
5:00 of 1st overtime period - Stars, John Tavares.
5:00 of 1st overtime period - Wrist shot by John Tavares.
5:00 of 1st overtime period - Stopped by Tuukka Rask.
5:00 of 1st overtime period - Round #2.
5:00 of 1st overtime period - Blackhawks, Antoine Roussel.
5:00 of 1st overtime period - Wrist shot by Antoine Roussel.
5:00 of 1st overtime period - Shot Misses the Net.
5:00 of 1st overtime period - Stars, Guillaume Latendresse.
5:00 of 1st overtime period - Backhand shot by Guillaume Latendresse.
5:00 of 1st overtime period - Goal by Guillaume Latendresse.
5:00 of 1st overtime period - Round #3.
5:00 of 1st overtime period - Blackhawks, Jordan Staal.
5:00 of 1st overtime period - Wrist shot by Jordan Staal.
5:00 of 1st overtime period - Goal by Jordan Staal.
5:00 of 1st overtime period - Stars, Michael Grabner.
5:00 of 1st overtime period - Deke by Michael Grabner.
5:00 of 1st overtime period - Stopped by Tuukka Rask.
5:00 of 1st overtime period - Round #4.
5:00 of 1st overtime period - Blackhawks, Jakob Silfverberg.
5:00 of 1st overtime period - Snap shot by Jakob Silfverberg.
5:00 of 1st overtime period - Shot Misses the Net.
5:00 of 1st overtime period - Stars, Alex Chiasson.
5:00 of 1st overtime period - Snap shot by Alex Chiasson.
5:00 of 1st overtime period - Goal by Alex Chiasson.